 Dungeon Crawl Stone Soup version 0.20.1-1-g8b1a95d66d (webtiles) character file.

184 Hvezdomuz the Vexing (level 5, -2/39 HPs)
             Began as a Draconian Enchanter on Nov 30, 2017.
             Slain by a goblin
             ... wielding a +1 dagger of electrocution
              (12 damage)
             ... on level 3 of the Dungeon.
             The game lasted 00:23:36 (3572 turns).

Hvezdomuz the Vexing (Draconian Enchanter)          Turns: 3572, Time: 00:23:37

Health: -2/39      AC:  5    Str: 10    XL:     5   Next: 36%
Magic:  9/9        EV: 13    Int: 16    God:
Gold:   143        SH:  0    Dex: 12    Spells: 0/9 levels left

rFire    . . .     SeeInvis .   a - +1 dagger
rCold    . . .     Gourm    .   (no shield)
rNeg     . . .     Faith    .   (armour unavailable)
rPois    .         Spirit   .   (helmet restricted)
rElec    .         Reflect  .   (no cloak)
rCorr    .         Harm     .   (no gloves)
MR       .....                  (no boots)
Stlth    ++........             (no amulet)
Regen    0.2/turn               (no ring)
MPRegen  0.2/turn               (no ring)

@: no status effects
A: unfitting armour, cold-blooded, AC +5
a: no special abilities


You were on level 3 of the Dungeon.
You were not hungry.

You visited 1 branch of the dungeon, and saw 3 of its levels.

You collected 143 gold pieces.

Inventory:

Hand Weapons
 a - a +1 dagger (weapon)
 q - a +2 long sword of holy wrath
Missiles
 k - 27 poisoned needles (quivered)
Armour
 m - a +0 pair of gloves
 u - a +0 cloak
Jewellery
 h - an uncursed amulet of magic regeneration {unknown}
 j - a +2 ring of evasion {unknown}
Scrolls
 d - a scroll of immolation {unknown}
 e - 4 scrolls of identify {unknown}
 g - a scroll of teleportation {unknown}
 o - a scroll of remove curse {unknown}
 s - a scroll of fear {unknown}
Potions
 i - a potion of mutation {unknown}
 l - a potion of agility {unknown}
 n - 2 potions of heal wounds {unknown}
 p - a potion of berserk rage {unknown}
 r - 2 potions of magic {unknown}
 t - a potion of curing {unknown}
Books
 b - a book of Maledictions

   Spells                             Type                      Level
   a - Corona                         Hexes                        1
   b - Ensorcelled Hibernation        Hexes/Ice                    2
   c - Confuse                        Hexes                        3
   d - Tukima's Dance                 Hexes                        3
   e - Dazzling Spray                 Conjuration/Hexes            3
Comestibles
 c - 3 bread rations
 f - a royal jelly


   Skills:
 + Level 0.9 Fighting
 + Level 2.6 Short Blades
 + Level 2.7 Dodging
 + Level 3.2 Stealth
 + Level 2.9 Spellcasting
 + Level 3.3 Hexes
 + Level 0.4 Ice Magic


You couldn't memorise any spells.
You knew the following spells:

 Your Spells              Type           Power        Failure   Level  Hunger
a - Corona                Hex            ##.....      4%          1    #......
b - Ensorcelled Hibernat  Hex/Ice        #.....       13%         2    ##.....
c - Tukima's Dance        Hex            ##......     14%         3    ###....
d - Confuse               Hex            ##......     14%         3    ###....


Dungeon Overview and Level Annotations

Branches:
Dungeon (3/15)

Altars:


Innate Abilities, Weirdness & Mutations

Your plain brown scales are hard. (AC +5)
You cannot fit into any form of body armour.
You are cold-blooded and may be slowed by cold attacks.


Message History

You barely miss the goblin.
The kobold shouts!
You hear a shout!
The goblin hits you but does no damage.
A kobold comes into view.
You closely miss the goblin. The kobold barely misses you.
The goblin completely misses you.
A goblin comes into view. It is wielding a dagger.
You closely miss the goblin. The kobold closely misses you.
The goblin hits you with a dagger of electrocution.
You closely miss the goblin. The kobold misses you.
The goblin hits you but does no damage.
You are electrocuted!
You barely miss the goblin. The kobold misses you.
The goblin hits you with a dagger of electrocution.
You are electrocuted!
* * * LOW HITPOINT WARNING * * *
The kobold throws a stone.
The stone closely misses you.
You see here a stone.
There is a stone staircase leading up here.
The goblin hits you but does no damage.
You are electrocuted!
You die...

#########.# #.# #.#
#.# ....# #.# ....#
#.# ...####.####
###..##......+
###....#@...####
###......#g...#
#........#K...# ##
#........K....#
#..####...K####...#
.....####...# #...#
.##....####.###...#
.......g(K.K......#
.##......K...##....


You could see a goblin and 2 kobolds.

Vanquished Creatures
  3 adders
  2 worms (D:2)
  10 bats
  4 giant cockroaches
  3 goblins
  10 hobgoblins
  6 jackals
  4 frilled lizards
  12 kobolds
  4 rats
58 creatures vanquished.

Vanquished Creatures (collateral kills)
  Sigmund (D:3)
1 creature vanquished.

Grand Total: 59 creatures vanquished

Notes
Turn   | Place    | Note
-------+----------+-------------------------------------------
     0 | D:1      | Hvezdomuz the Draconian Enchanter began the quest for the Orb.
     0 | D:1      | Reached XP level 1. HP: 14/14 MP: 3/3
     2 | D:1      | Noticed a ghoul
     4 | D:1      | Noticed a centaur
     4 | D:1      | Noticed a felid
     6 | D:1      | Noticed a tengu
     6 | D:1      | Noticed an ogre
     8 | D:1      | Noticed a vine stalker
    10 | D:1      | Noticed a formicid
    10 | D:1      | Noticed a spriggan
    12 | D:1      | Noticed a dwarf
    12 | D:1      | Noticed a draconian
    14 | D:1      | Noticed a gargoyle
    14 | D:1      | Noticed a human
    16 | D:1      | Noticed an octopode
    16 | D:1      | Noticed a demonspawn
    18 | D:1      | Noticed a halfling
    18 | D:1      | Noticed an elf
    20 | D:1      | Noticed a troll
    22 | D:1      | Noticed a demigod
    22 | D:1      | Noticed a minotaur
    24 | D:1      | Noticed a merfolk
    24 | D:1      | Noticed a naga
    26 | D:1      | Noticed a vampire
   259 | D:1      | Reached XP level 2. HP: 20/20 MP: 5/5
   729 | D:1      | Learned a level 2 spell: Ensorcelled Hibernation
  1199 | D:1      | Reached XP level 3. HP: 17/26 MP: 3/6
  1960 | D:2      | Learned a level 3 spell: Tukima's Dance
  2972 | D:2      | Reached XP level 4. HP: 28/33 MP: 7/7
  3227 | D:3      | Noticed Sigmund
  3267 | D:3      | Killed Sigmund
  3267 | D:3      | Reached XP level 5. HP: 17/39 MP: 1/9
  3339 | D:3      | Learned a level 3 spell: Confuse
  3572 | D:3      | Slain by a goblin

Skill      XL: |  1  2  3  4 |
---------------+-------------+-----
Hexes          | 3 |  3.3
Dodging        | 2 |  2.7
Stealth        | 3 |  3.2
Short Blades   | 2 |  2.6
Fighting       | |  0.9
Spellcasting   | |  2.9
Ice Magic      | |  0.4

Action                   |  1- 3 |  4- 6 || total
-------------------------+-------+-------++-------
Melee: Dagger            |   207 |    57 ||   264
       Tailslap          |    15 |     8 ||    23
 Cast: Ensorcelled Hiber |     9 |     1 ||    10
       Corona            |     9 |     1 ||    10
       Tukima's Dance    |       |     2 ||     2
 Stab: Sleeping          |     6 |       ||     6
  Eat: Chunk             |     1 |       ||     1
       Fruit             |     1 |     1 ||     2
       Meat ration       |     1 |     1 ||     2
Armor: Skin              |    80 |    25 ||   105
Dodge: Dodged            |   156 |    48 ||   204
